 Dungeon Crawl Stone Soup version 0.23.0 (webtiles) character file.

Game seed: 15715585007212547412

285 Inarius the Chopper (level 6, -8/47 HPs)
             Began as a Demonspawn Fighter on Feb 8, 2019.
             Was an Initiate of Okawaru.
             Mangled by an orc warrior
             ... wielding a +0 war axe
              (17 damage)
             ... on level 4 of the Dungeon.
             The game lasted 00:04:43 (3083 turns).

Inarius the Chopper (Demonspawn Fighter)            Turns: 3083, Time: 00:04:44

Health: -8/47      AC:  9    Str: 18    XL:     6   Next: 7%
Magic:  6/6        EV:  5    Int:  9    God:    Okawaru [......]
Gold:   244        SH: 10    Dex: 15    Spells: 5/5 levels left

rFire    . . .     SeeInvis .   a - +0 war axe
rCold    . . .     Gourm    .   c - +1 shield
rNeg     . . .     Faith    .   u - +0 chain mail
rPois    .         Spirit   .   (helmet restricted)
rElec    .         Reflect  .   o - scarf {repulsion}
rCorr    +         Harm     .   (no gloves)
MR       .....                  (no boots)
Stlth    ..........             (no amulet)
HPRegen  0.15/turn              v - ring of resist corrosion
MPRegen  0.10/turn              (no ring)

@: repel missiles
A: horns 2, thin skeletal structure 1
a: Renounce Religion


You were on level 4 of the Dungeon.
You worshipped Okawaru.
Okawaru was noncommittal.
You were very hungry.

You visited 2 branches of the dungeon, and saw 5 of its levels.

You collected 244 gold pieces.

Inventory:

Hand Weapons
 a - a +0 war axe (weapon)
Armour
 c - a +1 shield (worn)
 o - a scarf of repulsion (worn)
 u - a +0 chain mail (worn)
Jewellery
 p - an uncursed ring of fire
 v - a ring of resist corrosion (left hand)
Scrolls
 b - 3 scrolls of identify
 h - a scroll of fog
 j - a scroll of fear
 m - 3 scrolls of teleportation
 r - a scroll of immolation
 s - a scroll of enchant armour
 w - a scroll of enchant weapon {unknown}
Potions
 e - a potion of invisibility {unknown}
 g - 3 potions of curing
 i - a potion of might
 k - a potion of brilliance {unknown}
 l - a potion of degeneration {unknown}
 n - a potion of magic {unknown}
 q - a potion of haste {unknown}
 t - a potion of ambrosia {unknown}
 x - a potion of agility {unknown}
Comestibles
 f - 4 rations


   Skills:
 + Level 3.6 Fighting
 * Level 4.3 Axes
 + Level 3.6 Armour
 + Level 1.1 Dodging
 + Level 3.2 Shields


You had 5 spell levels left.
You didn't know any spells.
Your spell library contained the following spells:

 Spells                   Type           Power        Failure   Level  Hunger
 Animate Skeleton         Necr           N/A          100%        1    ##.....
 Apportation              Tloc           #.....       100%        1    ##.....
 Confusing Touch          Hex            #.....       100%        1    ##.....
 Summon Small Mammal      Summ           #...         100%        1    ##.....


Dungeon Overview and Level Annotations

Branches:
Dungeon (4/15)             Temple (1/1) D:4

Altars:
Dithmenos
Gozag
Nemelex Xobeh
Okawaru
Vehumet
Wu Jian


Innate Abilities, Weirdness & Mutations

You have a pair of horns on your head.
You have a somewhat thin skeletal structure. (Dex +2, Stealth)


Message History

You hit the orc priest. You hit the orc.
The orc warrior hits you with a +0 war axe!
* * * LOW HITPOINT WARNING * * *
You block the orc's attack.
The orc priest hits you but does no damage.
You block the orc's attack.
You are too injured to fight recklessly!
You hit the orc priest. You headbutt the orc priest.
You kill the orc priest!
Okawaru accepts your kill.
You have reached level 6!
Your experience leads to an increase in your attributes!
Increase (S)trength, (I)ntelligence, or (D)exterity?
You feel stronger.
You slash the orc!
You kill the orc!
Okawaru accepts your kill.
You closely miss the orc warrior. You barely miss the orc.
The orc warrior hits you with a +0 war axe!
You die...

.......#.#...##.<...#
.......##.........#.....#
#...#...###.......###...#
.###.......##.### ...#
##.###.##### ...# .##
#.## ..# ....#####..# ..
......)#...#...
......)@...?....
......oo........
.................
####.........###.
#..........#
#............
#............
+..........#


You could see an orc warrior and an orc.

Vanquished Creatures
  A centaur skeleton (D:4)
  An orc priest (D:4)
  An orc wizard (D:3)
  Natasha (twice) (D:2)
  A hound skeleton (D:4)
  6 adders
  2 dart slugs (D:3)
  A worm (D:2)
  A leopard gecko (D:2)
  6 orcs
  6 bats
  3 giant cockroaches
  6 goblins
  4 hobgoblins
  10 jackals
  5 kobolds
  4 quokkas
  4 frilled lizards
  6 rats
70 creatures vanquished.

Notes
Turn   | Place    | Note
-------+----------+-------------------------------------------
     0 | D:1      | Inarius the Demonspawn Fighter began the quest for the Orb.
     0 | D:1      | Reached XP level 1. HP: 18/18 MP: 1/1
   238 | D:1      | Reached skill level 2 in Axes
   267 | D:1      | Gained mutation: You have a pair of small horns on your
                  | head. [demonic ancestry]
   267 | D:1      | Reached XP level 2. HP: 24/24 MP: 2/2
   595 | D:2      | Gained mutation: You have a pair of horns on your head.
                  | [demonic ancestry]
   595 | D:2      | Reached XP level 3. HP: 10/29 MP: 3/3
  1283 | D:2      | Noticed Natasha
  1289 | D:2      | Killed Natasha
  1289 | D:2      | Reached skill level 3 in Axes
  1289 | D:2      | Gained mutation: You have a somewhat thin skeletal
                  | structure. (Dex +2, Stealth) [demonic ancestry]
  1289 | D:2      | Reached XP level 4. HP: 33/35 MP: 4/4
  1503 | D:2      | Noticed Natasha
  1522 | D:2      | Killed Natasha
  1775 | D:3      | Found an opulent altar of Gozag.
  1817 | D:3      | Reached XP level 5. HP: 31/41 MP: 5/5
  1943 | D:3      | Noticed an ogre
  2535 | D:3      | Reached skill level 4 in Axes
  3013 | D:4      | Reached skill level 1 in Dodging
  3019 | D:4      | Found a staircase to the Ecumenical Temple.
  3050 | Temple   | Entered the Ecumenical Temple
  3056 | Temple   | Became a worshipper of Warmaster Okawaru
  3077 | D:4      | Noticed an orc warrior
  3083 | D:4      | Reached XP level 6. HP: 9/47 MP: 6/6
  3083 | D:4      | Mangled by an orc warrior

Skill      XL: |  1  2  3  4  5 |
---------------+----------------+-----
Axes           | 2 3 4 |  4.3
Armour         | 3 |  3.6
Shields        | 3 |  3.2
Dodging        | 1 |  1.1
Fighting       | |  3.6

Action                   |  1- 3 |  4- 6 || total
-------------------------+-------+-------++-------
Melee: War axe           |    84 |   128 ||   212
       Headbutt          |    10 |    18 ||    28
  Use: Potion            |     1 |       ||     1
       Scroll            |     6 |     2 ||     8
  Eat: Chunk             |     1 |     5 ||     6
Armor: Scale mail        |    67 |       ||    67
       Chain mail        |       |    72 ||    72
Dodge: Dodged            |    25 |    16 ||    41
Block: Shield            |    63 |    73 ||   136
